 Dungeon Crawl Stone Soup version 0.19.1 (webtiles) character file.

18 mmcf the Insei (level 2, -6/21 HPs)
             Began as a Merfolk Transmuter on Dec 3, 2016.
             Mangled by Terence
             ... wielding a +0 flail
              (9 damage)
             ... on level 2 of the Dungeon.
             The game lasted 00:01:27 (997 turns).

mmcf the Insei (Merfolk Transmuter)                  Turns: 997, Time: 00:01:27

Health: -6/21      AC:  2    Str: 10    XL:     2   Next: 70%
Magic:  5/5        EV: 14    Int: 12    God:
Gold:   9          SH:  0    Dex: 14    Spells: 1 memorised, 4 levels left

rFire  . . .     SeeInvis .       - Unarmed
rCold  . . .     Gourm    .     b - +0 robe
rNeg   . . .     Faith    +     (no shield)
rPois  .         Spirit   .     (no helmet)
rElec  .         Reflect  .     (no cloak)
rCorr  .         Harm     .     (no gloves)
MR     .....     Rnd*Tele +     (no boots)
Stlth  +.........               g - amulet of faith
                                f - ring of flight
                                h - ring of teleportation (curse)

@: appendage (expiring)
A: change form in water, swift swim, stealthy swim, horns 2
a: End Transformation, Evoke Flight


You were on level 2 of the Dungeon.
You were not hungry.
You had grown temporary horns.
You visited 1 branch of the dungeon, and saw 2 of its levels.

You collected 9 gold pieces.

Inventory:

Missiles
 a - 12 arrows
 l - 22 stones (quivered)
Armour
 b - a +0 robe (worn)
Jewellery
 f - a ring of flight (right hand)
 g - an amulet of faith (around neck)
 h - a cursed ring of teleportation (left hand)
Scrolls
 i - a scroll of noise
 j - 2 scrolls of remove curse {unknown}
 k - a scroll of teleportation {unknown}
Potions
 e - a potion of agility
Books
 c - a book of Changes

   Spells                             Type                      Level
   a - Beastly Appendage              Transmutation                1
   b - Sticks to Snakes               Transmutation                2
   c - Spider Form                    Transmutation/Poison         3
   d - Ice Form                       Ice/Transmutation            4
   e - Blade Hands                    Transmutation                5
Comestibles
 d - a bread ration
 m - a beef jerky
 n - a chunk of flesh


   Skills:
 - Level 1.1 Fighting
 + Level 3.6 Dodging
 + Level 3.7 Unarmed Combat
 - Level 2.0 Spellcasting
 - Level 2.6 Transmutations


You had 4 spell levels left.
You knew the following spells:

 Your Spells              Type           Power        Failure   Level  Hunger
a - Beastly Appendage     Tmut           #.....       12%         1    ##.....


Dungeon Overview and Level Annotations

Branches:
Dungeon (2/15)

Altars:

Annotations:
D:2 Jessica, Terence


Innate Abilities, Weirdness & Mutations

You revert to your normal form in water.
You are very nimble and swift while swimming.
You are very stealthy in the water. (Stealth+)
You have a pair of horns on your head.


Message History

Jessica shouts, "I don't like beings like you!"
Unknown command.
You hit the jackal.
The jackal is heavily wounded.
The jackal misses you. x2; The jackal closely misses you.
You hit the jackal but do no damage.
The jackal is heavily wounded.
The jackal bites you but does no damage.
The jackal closely misses you. x2
Unknown command.
You hit the jackal.
You kill the jackal!
Your transformation is almost over.
The jackal misses you.
You closely miss Terence. Terence closely misses you.
The jackal barely misses you.
You hit Terence. You headbutt Terence!
Terence is moderately wounded.
The jackal misses you. Terence hits you with a flail!
You die...

#.#..#
####....##########
..................
#.............##
.........###.#
.........#
.#.#..#..#
#@#h>#..#
#@hh@...#
######.## #.# ###


You could see Terence, Jessica and 3 jackals.

Vanquished Creatures
  A dart slug (D:1)
  A leopard gecko (D:1)
  A bat (D:2)
  A giant cockroach (D:1)
  5 hobgoblins (D:1)
  A jackal (D:2)
  2 frilled lizards (D:1)
  A kobold (D:1)
  A rat (D:1)
14 creatures vanquished.

Notes
Turn   | Place    | Note
-------+----------+-------------------------------------------
     0 | D:1      | mmcf the Merfolk Transmuter began the quest for the Orb.
     0 | D:1      | Reached XP level 1. HP: 15/15 MP: 3/3
   247 | D:1      | Reached XP level 2. HP: 21/21 MP: 5/5
   970 | D:2      | Noticed Jessica
   978 | D:2      | Noticed Terence
   997 | D:2      | Mangled by Terence

Skill      XL: |  1 |
---------------+----+-----
Dodging        | 3 |  3.6
Fighting       | |  1.1
Unarmed Combat | |  3.7
Spellcasting   | |  2.0
Transmutations | |  2.6

Action                   || total
-------------------------++-------
Melee: Unarmed           ||    76
       Headbutt          ||     3
 Cast: Beastly Appendage ||     1
  Use: Scroll            ||     3
 Stab: Sleeping          ||     1
Armor: Robe              ||    14
Dodge: Dodged            ||    67
